 Dungeon Crawl Stone Soup version 0.29.1-2-gbd0b4ee654 (webtiles) character file.

Game seed: 9908282916998235787

25 safid the Shooter (level 2, 0/26 HPs)
             Began as a Minotaur Hunter on Nov 3, 2022.
             Succumbed to a goblin's poison
             ... on level 1 of the Dungeon.
             The game lasted 00:01:06 (464 turns).

safid the Shooter (Minotaur Hunter)                  Turns: 464, Time: 00:01:06

Health: 0/26       AC:  4    Str: 19    XL:     2   Next: 86%
Magic:  1/1        EV: 12    Int:  5    God:
Gold:   25         SH:  0    Dex: 12    Spells: 1/1 levels left

rFire   . . .      SeeInvis .   a - +0 shortbow
rCold   . . .      Faith    .   (shield currently unavailable)
rNeg    . . .      Spirit   .   c - +0 leather armour
rPois   .          Reflect  .   (helmet restricted)
rElec   .          Harm     .   (no cloak)
rCorr   .          Rampage  .   (no gloves)
Will    .....                   e - +0 pair of boots
Stlth   +.........              (no amulet)
HPRegen 0.08/turn               (no ring)
MPRegen 0.07/turn               (no ring)

@: lethally poisoned (0 -> -4)
A: horns 2, retaliatory headbutt, strong 1
a: no special abilities


You were on level 1 of the Dungeon.
You visited 1 branch of the dungeon, and saw 1 of its levels.

You collected 25 gold pieces.

Inventory:

Hand Weapons
 a - a +0 shortbow (weapon)
Armour
 c - a +0 leather armour (worn)
 e - a +0 pair of boots (worn)


   Skills:
 + Level 3.4 Fighting
 + Level 4.9 Ranged Weapons
 - Level 2.1 Dodging
 - Level 0.7 Stealth


You had one spell level left.
You didn't know any spells.
Your spell library was empty.

Dungeon Overview and Level Annotations

Branches:
Dungeon (1/15)

Altars:

Shops:
D:1 ?


Innate Abilities, Weirdness & Mutations

You have a pair of horns on your head.
You reflexively headbutt those who attack you in melee.
Your muscles are strong. (Str +4, Int/Dex -1)


Message History

The goblin shouts!
A goblin is nearby!
You shoot an arrow. The arrow hits the goblin.
The goblin is severely wounded.
You shoot an arrow.
The arrow hits the goblin but does no damage.
The goblin is severely wounded.
The goblin misses you.
You shoot an arrow. The arrow completely misses the goblin.
The goblin hits you with a +1 dagger of venom.
You are poisoned.
You shoot an arrow. The arrow closely misses the goblin.
You feel very sick. The goblin closely misses you.
The goblin hits you but does no damage.
You are lethally poisoned!
You shoot an arrow. The arrow closely misses the goblin.
You feel very sick. The goblin closely misses you.
You are too injured to fight recklessly!
You are too injured to fight recklessly!
Unknown command.
Fire: a) +0 shortbow
Press: ? - help, Q - select action Shift-Dir - straight line, f/p - goblin
Aim: a goblin, wielding a +1 dagger of venom (severely wounded, 53% to hit)
You shoot an arrow. The arrow hits the goblin.
You kill the goblin!
You feel very sick.
It was a potion of mutation.
You feel extremely strange.
You feel stronger.
* * * LOW HITPOINT WARNING * * *
You feel very sick.
You aren't carrying any scrolls.
* * * LOW HITPOINT WARNING * * *
You feel sick.
You see here a +1 dagger of venom.
* * * LOW HITPOINT WARNING * * *
You feel sick.
* * * LOW HITPOINT WARNING * * *
You feel sick.
You die...

#### #. ...# #.
##.#####.# #####
.........# #...
##.#####.##
###.### ##.#
##...## #.....##.#
...#
#.....###........#
#.##
#.#....)..@..# .##
#...####.....# ##
##.## #.......# #
#.# ###.#..##
##'## #.#...#
##...## #.#.#...
##.....## #.#
##.## # ##.......#
#.. .#
####.........#


There were no monsters in sight!

Vanquished Creatures
  3 endoplasms (D:1)
  A hobgoblin (D:1)
  4 jackals (D:1)
  5 kobolds (D:1)
  2 quokkas (D:1)
  A ball python (D:1)
  3 frilled lizards (D:1)
  3 goblins (D:1)
  2 rats (D:1)
24 creatures vanquished.

Notes
Turn   | Place    | Note
-------+----------+-------------------------------------------
     0 | D:1      | safid the Minotaur Hunter began the quest for the Orb.
     0 | D:1      | Reached XP level 1. HP: 18/18 MP: 0/0
     0 | D:1      | Found Jaexzuq's Magic Scroll Shoppe.
    71 | D:1      | Reached XP level 2. HP: 20/25 MP: 1/1
   460 | D:1      | Gained mutation: Your muscles are strong. (Str +4, Int/Dex
                  | -1) [potion of mutation]
   463 | D:1      | HP: 1/26 [poisoned by a goblin]
   464 | D:1      | Succumbed to a goblin's poison

Illustrated notes

Levels and vault maps discovered:
D:1:      wander_arrival_lonely_grave, layout_loops_corners, serial_shops,
          shop_statue, minmay_quantized

Skill      XL: |  1  2 |
---------------+-------+-----
Fighting       | 3 |  3.4
Ranged Weapons | |  4.9
Dodging        | |  2.1
Stealth        | |  0.7

Action                   || total
-------------------------++-------
 Fire: Shortbow          ||    67
  Use: Potion            ||     1
Armor: Leather armour    ||     5
Dodge: Dodged            ||    25
